 Dungeon Crawl Stone Soup version 0.31-a0-532-g28f74ba3e5 (webtiles) character file.

Game seed: 14577890559179026787

55430 quinnr the Stormcaller (level 14, 0/86 HPs)
             Began as a Tengu Air Elementalist on Aug 12, 2023.
             Was a High Priest of Vehumet.
             Slain by a golden dragon simulacrum (8 damage)
             ... summoned by an orange crystal statue
             ... in an ice cave.
             The game lasted 00:46:47 (20375 turns).

quinnr the Stormcaller (Tengu Air Elementalist)    Turns: 20375, Time: 00:46:47

Health: 0/86       AC:  8    Str:  9    XL:     14   Next: 77%
Magic:  15/28      EV: 19    Int: 20    God:    Vehumet [*****.]
Gold:   1139       SH:  0    Dex: 15    Spells: 10/31 levels left

rFire   . . .        z - +4 whip "Sifeo" {heavy, rPois rC+++ rN+ Int-2}
rCold   + + +        (no shield)
rNeg    + + .        v - +2 robe {rN+}
rPois   +            o - +3 crown of Dyrovepreva {rElec Int+2 SInv}
rElec   +            D - +0 cloak
rCorr   .            (no gloves)
SInv    +            (boots unavailable)
Will    ++...        r - amulet of magic regeneration
Stlth   +++          P - ring of poison resistance
HPRegen 0.34/turn    W - ring of willpower
MPRegen 0.61/turn

%: no passive effects
@: flying quickly and evasively, constricted, quick
A: beak, talons 3, nimble flight
a: Renounce Religion


You were in an ice cave.
You worshipped Vehumet.
Vehumet was extremely pleased with you.
You visited 3 branches of the dungeon, and saw 19 of its levels.
You also visited: Ice Cave.

You collected 1139 gold pieces.


Innate Abilities, Weirdness & Mutations

You have a beak for a mouth.
You have claws for feet.
Your magical nature lets you fly swiftly and evasively.


   Skills:
 + Level 9.6 Fighting
 - Level 2.0 Armour
 - Level 13.0 Dodging
 - Level 6.0 Stealth
 - Level 9.0 Spellcasting
 - Level 4.0 Conjurations
 - Level 5.0 Translocations
 - Level 9.0 Fire Magic
 - Level 16.0 Air Magic
 - Level 8.0 Evocations


You had 10 spell levels left.
You knew the following spells:

 Your Spells              Type           Power      Damage    Failure   Level
a - Airstrike             Air            32%        2d(5-21)  1%          4
i - Swiftness             Air            64%        N/A       1%          3
t - Static Discharge      Conj/Air       98%        2-7/arc   1%          2
z - Shock                 Conj/Air       100%       1d9       1%          1
B - Blink                 Tloc           58%        N/A       1%          2
X - Ignite Poison         Fire/Tmut/Pois 21%        N/A       1%          3
Y - Plasma Beam           Fire/Air       28%        2x1d40    1%          6

Your spell library contained the following spells:

 Spells                   Type           Power      Damage    Failure   Level
 Fulminant Prism          Conj/Hex       8%         3d7       9%          4
 Apportation              Tloc           58%        N/A       1%          1
 Lesser Beckoning         Tloc           58%        N/A       1%          2
 Momentum Strike          Conj/Tloc      54%        3d9       1%          2
 Scorch                   Fire           90%        2d8       1%          2
 Vhi's Electric Charge    Tloc/Air       100%       N/A       1%          3
 Flame Wave               Conj/Fire      35%        2d10      1%          4
 Arcjolt                  Conj/Air       24%        1d34      1%          5
 Gell's Gravitas          Tloc           29%        N/A       3%          3
 Teleport Other           Tloc           29%        N/A       3%          3
 Sublimation of Blood     Necr           9%         N/A       12%         2
 Wereblood                Tmut           9%         N/A       12%         2
 Ozocubu's Armour         Ice            9%         N/A       22%         3
 Irradiate                Conj/Tmut      8%         3d14      24%         5
 Lee's Rapid Deconstruct  Erth           4%         3d5*      45%         5
 Animate Dead             Necr           9%         N/A       58%         4
 Leda's Liquefaction      Hex/Erth       4%         N/A       58%         4
 Petrify                  Tmut/Erth      9%         N/A       58%         4
 Leda's Unmaking          Conj/Erth      8%         9d2       75%         6
 Dispersal                Tloc           14%        N/A       83%         6
 Alistair's Intoxication  Tmut/Pois      6%         N/A       91%         5
 Summon Cactus Giant      Summ           4%         N/A       100%        6
 Haunt                    Necr/Summ      4%         N/A       100%        7
 Ozocubu's Refrigeration  Ice            4%         4d8       100%        7
 Infestation              Necr           4%         N/A       100%        8

Inventory:

Hand Weapons
 i - the +6 trident "Killer Klown's Foe" {freeze, Int+3 Dex+2 SInv}
   (You found it on level 4 of the Dungeon)

   Int+3:     It affects your intelligence (+3).
   Dex+2:     It affects your dexterity (+2).
   SInv:      It lets you see invisible.
 z - the +4 whip "Sifeo" (weapon) {heavy, rPois rC+++ rN+ Int-2}
   (You found it on level 8 of the Dungeon)

   Int-2:     It affects your intelligence (-2).
   rC+++:     It renders you almost immune to cold.
   rPois:     It protects you from poison rN+: It protects you from negative
   energy.
Missiles
 G - a throwing net {=f}
Armour
 o - the +3 crown of Dyrovepreva (worn) {rElec Int+2 SInv}
   (You found it on level 4 of the Lair of Beasts)

   Int+2:     It affects your intelligence (+2).
   rElec:     It insulates you from electricity.
   SInv:      It lets you see invisible.
 v - a +2 robe of positive energy (worn)
 w - a +0 troll leather armour
 A - a +2 hat
 D - a +0 cloak (worn)
Magical Staves
 O - a staff of cold {!a}
Jewellery
 a - an amulet of reflection
 r - an amulet of magic regeneration (around neck)
 C - a ring of ice
 P - a ring of poison resistance (left hand)
 T - a +4 ring of protection
 W - a ring of willpower (right hand)
Talismans
 E - a talisman of death
Wands
 g - a wand of flame (50)
 h - a wand of charming (3)
 j - a wand of roots (16)
 t - a wand of acid (12)
 y - a wand of polymorph (28)
 I - a wand of mindburst (4)
Scrolls
 c - 7 scrolls of teleportation {@r2}
 e - 5 scrolls of revelation
 k - 2 scrolls of butterflies
 l - 4 scrolls of vulnerability {unknown}
 q - a scroll of amnesia
 s - 2 scrolls of fog {unknown}
 u - 2 scrolls of immolation
 B - 4 scrolls of blinking
 F - a scroll of enchant armour
 L - a scroll of poison
 M - a scroll of fear
Potions
 b - 2 potions of magic
 d - 5 potions of invisibility
 f - 2 potions of attraction
 m - 4 potions of mutation
 n - 4 potions of haste {@q3}
 p - a potion of might
 x - 3 potions of ambrosia
 H - 3 potions of heal wounds {@q2}
 J - 2 potions of cancellation
 N - a potion of resistance {unknown}
Miscellaneous
 K - a phial of floods

Dungeon Overview and Level Annotations

Branches:
Dungeon (15/15)            Temple (1/1) D:4            Lair (5/5) D:10
 Shoals (0/4) Lair:2        Snake (0/4) Lair:3        Slime (0/5) Lair:5
    Orc (0/2) D:11         Depths (0/4) D:15          IceCv (1/1)
 Vaults: D:13-14

Altars:
Ashenzari
Cheibriados
Dithmenos
Elyvilon
Fedhas
Gozag
Hepliaklqana
Kikubaaqudgha
Makhleb
Nemelex Xobeh
Okawaru
Qazlal
Ru
Sif Muna
Trog
Uskayaw
Vehumet
Wu Jian
Xom
Yredelemnul
Zin
The Shining One
Jiyva

Shops:
D:4 (

Annotations:
D:6 exclusion: sky beast
D:10 digvault cyclops, elf, gargoyle
Lair:2 exclusion: downstairs IceCv exclusion: orange crystal statue

##.....##
##...##
##.##
##...##
##.....##
#.......#
#.......#
#......)#
#...@...#
#[.ZZ.).#
▒▒▒▒.▒▒▒▒
...Z.
▒.....Z.▒
▒.......▒
▒.......▒
▒......8▒
▒▒.....▒▒


You could see an orange crystal statue, an anaconda simulacrum (summoned), an
eight-headed hydra simulacrum (summoned) and a golden dragon simulacrum
(summoned).


Message History

The anaconda simulacrum constricts you.
Unknown command.
Unknown command.
You're too confused to move!
The anaconda simulacrum bites you. The anaconda simulacrum freezes you.
You resist. The anaconda simulacrum constricts you.
The anaconda simulacrum bites you! The anaconda simulacrum freezes you.
You resist. The anaconda simulacrum constricts you.
The golden dragon simulacrum misses you.
The golden dragon simulacrum claws you but does no damage.
The golden dragon simulacrum completely misses you.
The orange crystal statue glitters topaz in the dim dungeon light.
You closely miss the anaconda simulacrum.
Your kick misses the anaconda simulacrum.
You feel less confused.
The anaconda simulacrum completely misses you.
The anaconda simulacrum constricts you.
The anaconda simulacrum completely misses you.
The anaconda simulacrum constricts you.
* * * LOW HITPOINT WARNING * * *
The golden dragon simulacrum bites you!!
* * * LOW HITPOINT WARNING * * *
The golden dragon simulacrum freezes you.
You resist.
* * * LOW HITPOINT WARNING * * *
The golden dragon simulacrum claws you.
* * * LOW HITPOINT WARNING * * *
The golden dragon simulacrum freezes you!
You resist.
You die...

Skill      XL: |  1  2  3  4  5  6  7  8  9 10 11 12 13 14 |
---------------+-------------------------------------------+-----
Air Magic      | 5 6 7 8 9 10 11 13 14 15 16 | 16.0
Stealth        | 3 4 6 |  6.0
Dodging        | 3 5 6 8 10 11 13 | 13.0
Fighting       | 3 6 7 9 |  9.6
Spellcasting   | 4 5 7 9 |  9.0
Conjurations   | 2 4 |  4.0
Evocations     | 5 7 8 |  8.0
Armour         | 1 2 |  2.0
Translocations | 1 5 |  5.0
Fire Magic     | 6 8 9 |  9.0

Action                     |  1- 3 |  4- 6 |  7- 9 | 10-12 | 13-15 || total
---------------------------+-------+-------+-------+-------+-------++-------
  Melee: Unarmed           |     2 |     3 |       |       |       ||     5
         Punch             |     1 |       |       |       |       ||     1
         Peck              |       |     1 |     1 |     2 |     2 ||     6
         Kick              |       |     1 |     4 |     3 |     3 ||    11
         Trident           |       |       |     9 |     3 |       ||    12
         Whip              |       |       |       |     4 |    15 ||    19
   Cast: Shock             |    92 |   100 |   182 |    50 |    28 ||   452
         Static Discharge  |       |     5 |    14 |   102 |    21 ||   142
         Airstrike         |       |       |    23 |   289 |   228 ||   540
         Swiftness         |       |       |       |     5 |     3 ||     8
         Plasma Beam       |       |       |       |     2 |    98 ||   100
         Blink             |       |       |       |     1 |     1 ||     2
  Evoke: Wand              |       |       |       |     4 |    20 ||    24
    Use: Potion            |       |     1 |       |     2 |     2 ||     5
         Scroll            |       |       |       |    14 |     7 ||    21
 Armour: Robe              |     4 |     2 |     4 |       |    29 ||    39
         Troll leather arm |       |       |       |    23 |     7 ||    30
  Dodge: Dodged            |     5 |    12 |    33 |   177 |   114 ||   341

Levels and vault maps discovered:
D:1:      onia_arrival_pyramid, layout_rooms, wad_floor_pattern_2,
          hangedman_decor_push
D:2:      layout_rooms
D:3:      layout_basic, mainiacjoe_overflow_catwalk,
          nicolae_concentric_dashed_squares_mild, nicolae_titane
D:4:      layout_rooms, minmay_temple_entry_from_below_a, serial_shops, shop,
          minivault_23, chequers_serial_rivers_micro_a
D:5:      layout_cave_pools, serial_glass, glass_columns_a, glass_columns_a,
          serial_bayou_pond_b
D:6:      layout_basic
D:7:      layout_basic, uniq_menkaure
D:8:      kennysheep_blocky_room, layout_loops_corners, uniq_pikel
D:9:      layout_irregular_city, grunt_decor_arrowhead, hangedman_misty_isle
D:10:     layout_gridville, lair_entry_dummy, lightli_corner_chamber
D:11:     layout_roguey, david_orc_4, lemuel_flamethrower_1
D:12:     layout_basic, minmay_microvault
D:15:     grunt_enter_depths_snipers, layout_cave_pools,
          portal_ice_cave_entry_ice_simulacra
Temple:   nicolae_temple_bog_church
Lair:1:   layout_regular_city, grunt_megastairs_1
Lair:2:   layout_regular_city, elwin_shoals_entry_rooms,
          nicolae_lair_run_with_the_wolves
Lair:3:   beast_lair_carwin_large_2, layout_concentric_octagons,
          minmay_snake_entry_guardpost_medium, nicolae_lair_liquid_snakes,
          uniq_amaemon
Lair:4:   layout_gridlike, uniq_snorg
Lair:5:   evilmike_catoblepas_cave, layout_regular_city,
          minmay_slime_entry_pillars
IceCv:    ice_cave_statue_garden_chambered

Notes
Turn   | Place    | Note
-------+----------+-------------------------------------------
     0 | D:1      | quinnr the Tengu Air Elementalist began the quest for the
                  | Orb.
     0 | D:1      | Reached XP level 1. HP: 10/10 MP: 4/4
    13 | D:1      | HP: 1/10 [hobgoblin (2)]
   242 | D:2      | Reached XP level 2. HP: 15/15 MP: 1/6
   636 | D:3      | Found a hazy altar of Hepliaklqana.
   888 | D:2      | Reached skill level 5 in Air Magic
   888 | D:2      | Reached XP level 3. HP: 19/19 MP: 4/7
  1155 | D:2      | Learned a level 2 spell: Static Discharge
  1481 | D:3      | Reached skill level 3 in Stealth
  1693 | D:3      | Learned a level 3 spell: Swiftness
  1702 | D:3      | Reached XP level 4. HP: 20/24 MP: 3/8
  2038 | D:3      | Reached skill level 6 in Air Magic
  2338 | D:4      | Gained mutation: Your magical nature lets you fly swiftly
                  | and evasively. [Tengu growth]
  2338 | D:4      | Reached XP level 5. HP: 28/28 MP: 4/9
  2447 | D:4      | Found Zuequral's Antique Weapon Shoppe.
  2520 | D:4      | Reached skill level 7 in Air Magic
  2673 | D:4      | Identified the +6 trident "Killer Klown's Foe" {freeze,
                  | Int+3 Dex+2 SInv}
  2983 | D:4      | Reached skill level 4 in Stealth
  2983 | D:4      | Reached XP level 6. HP: 32/32 MP: 4/10
  3625 | D:4      | Reached skill level 8 in Air Magic
  3726 | D:4      | Found a staircase to the Ecumenical Temple.
  3837 | D:5      | Entered Level 5 of the Dungeon
  3861 | D:5      | Reached skill level 3 in Dodging
  3918 | Temple   | Entered the Ecumenical Temple
  3931 | Temple   | Became a worshipper of Vehumet
  4100 | D:5      | Reached XP level 7. HP: 36/36 MP: 4/11
  4498 | D:5      | Reached skill level 9 in Air Magic
  4524 | D:5      | Reached skill level 4 in Dodging
  4817 | D:6      | Reached skill level 5 in Dodging
  4817 | D:6      | Reached skill level 1 in Fighting
  4905 | D:6      | Learned a level 4 spell: Airstrike
  5022 | D:6      | Reached skill level 2 in Fighting
  5312 | D:6      | Reached skill level 3 in Fighting
  5312 | D:6      | Reached XP level 8. HP: 46/46 MP: 7/13
  5418 | D:6      | Reached skill level 3 in Spellcasting
  5647 | D:6      | Noticed a yak
  5648 | D:6      | Noticed a yak
  5649 | D:6      | Noticed a yak
  5660 | D:6      | Killed a yak
  5661 | D:6      | Reached skill level 4 in Spellcasting
  5661 | D:6      | Noticed a yak
  5664 | D:6      | Killed a yak
  5665 | D:6      | Reached skill level 2 in Conjurations
  5666 | D:6      | Killed a yak
  5666 | D:6      | Killed a yak
  5667 | D:6      | Reached skill level 6 in Dodging
  5667 | D:6      | Reached skill level 10 in Air Magic
  5881 | D:6      | Reached * piety under Vehumet
  5881 | D:6      | Offered knowledge of Foxfire by Vehumet.
  5883 | D:6      | Reached XP level 9. HP: 50/50 MP: 10/16
  6043 | D:6      | Reached skill level 7 in Dodging
  6549 | D:7      | Reached skill level 11 in Air Magic
  6803 | D:7      | Reached skill level 8 in Dodging
  7305 | D:7      | Noticed Menkaure
  7586 | D:7      | Killed Menkaure
  7587 | D:7      | Reached skill level 1 in Evocations
  7747 | D:8      | Noticed Pikel
  7759 | D:8      | Killed Pikel
  7760 | D:8      | Reached skill level 5 in Spellcasting
  7760 | D:8      | Reached skill level 4 in Evocations
  7945 | D:8      | Noticed a troll
  7960 | D:8      | Killed a troll
  7961 | D:8      | Reached skill level 5 in Evocations
  7961 | D:8      | Reached skill level 1 in Armour
  7961 | D:8      | Reached XP level 10. HP: 56/56 MP: 10/18
  7993 | D:8      | Reached skill level 2 in Armour
  7993 | D:8      | Reached ** piety under Vehumet
  7993 | D:8      | Offered knowledge of Freeze by Vehumet.
  8002 | D:8      | Reached skill level 4 in Fighting
  8104 | D:8      | Reached skill level 5 in Fighting
  8465 | D:8      | Reached skill level 6 in Fighting
  8471 | D:8      | Reached skill level 3 in Conjurations
  8592 | D:8      | Reached skill level 4 in Conjurations
  8730 | D:8      | Offered knowledge of Momentum Strike by Vehumet.
  8961 | D:8      | Identified the +4 whip "Sifeo" {heavy, rPois rC+++ rN+
                  | Int-2}
  9354 | D:9      | Reached skill level 6 in Spellcasting
  9503 | D:9      | Reached skill level 7 in Spellcasting
  9721 | D:9      | Reached *** piety under Vehumet
 10109 | D:10     | Entered Level 10 of the Dungeon
 10130 | D:10     | Reached XP level 11. HP: 55/64 MP: 18/23
 10157 | D:9      | Reached skill level 8 in Spellcasting
 10225 | D:10     | Found a staircase to the Lair.
 10280 | D:10     | Offered knowledge of Volatile Blastmotes by Vehumet.
 10561 | D:10     | Noticed a cyclops
 10562 | D:10     | Noticed a deep elf pyromancer
 10781 | Lair:1   | Entered Level 1 of the Lair of Beasts
 11114 | Lair:1   | Reached skill level 9 in Dodging
 11116 | Lair:1   | Reached skill level 9 in Spellcasting
 11195 | Lair:1   | Reached skill level 12 in Air Magic
 11397 | Lair:1   | Reached **** piety under Vehumet
 11547 | Lair:1   | Identified the +1 ring mail of Youthful Indiscretion {rC++
                  | Dex+2}
 11646 | Lair:1   | Reached skill level 10 in Dodging
 11705 | Lair:1   | Reached skill level 13 in Air Magic
 11882 | Lair:1   | Learned a level 2 spell: Blink
 12157 | Lair:2   | You are sucked into a shaft and drop 2 floors!
 12179 | Lair:2   | Offered knowledge of Ignite Poison by Vehumet.
 12180 | Lair:2   | Reached skill level 1 in Translocations
 12206 | Lair:2   | Learned a level 3 spell: Ignite Poison
 12269 | Lair:3   | Noticed Amaemon
 12535 | Lair:2   | Reached XP level 12. HP: 70/70 MP: 23/26
 12544 | Lair:2   | Reached skill level 2 in Translocations
 12644 | Lair:2   | HP: 7/70 [wolf spider (2)]
 12645 | Lair:2   | HP: 3/70 [wolf spider (15)]
 12681 | Lair:2   | Reached skill level 3 in Translocations
 12735 | Lair:2   | Found a staircase to the Shoals.
 12785 | Lair:2   | Reached skill level 14 in Air Magic
 13271 | Lair:3   | Reached skill level 4 in Translocations
 13324 | Lair:2   | Learned a level 6 spell: Plasma Beam
 13349 | Lair:3   | Reached skill level 1 in Fire Magic
 13395 | Lair:3   | Noticed a skyshark
 13405 | Lair:3   | Killed a skyshark
 13406 | Lair:3   | Reached skill level 2 in Fire Magic
 13481 | Lair:3   | Killed Amaemon
 13482 | Lair:3   | Reached skill level 3 in Fire Magic
 13632 | Lair:2   | Reached skill level 4 in Fire Magic
 13718 | Lair:3   | Reached skill level 5 in Translocations
 13735 | Lair:3   | Reached ***** piety under Vehumet
 13760 | Lair:2   | Reached skill level 5 in Fire Magic
 13842 | Lair:3   | Offered knowledge of Fireball by Vehumet.
 13882 | Lair:2   | Reached skill level 6 in Fire Magic
 14352 | Lair:3   | Found a staircase to the Snake Pit.
 14723 | Lair:3   | Reached XP level 13. HP: 74/74 MP: 21/27
 14995 | Lair:5   | Entered Level 5 of the Lair of Beasts
 14999 | Lair:5   | Reached skill level 7 in Fire Magic
 14999 | Lair:5   | Reached skill level 6 in Evocations
 15154 | Lair:5   | Found a staircase to the Slime Pits.
 15167 | Lair:5   | Found a viscous altar of Jiyva.
 15312 | Lair:4   | HP: 2/75 [black mamba (12)]
 15592 | Lair:4   | Found the +3 crown of Dyrovepreva {rElec Int+2 SInv}
 15621 | Lair:4   | Reached skill level 11 in Dodging
 15701 | Lair:4   | Noticed Snorg
 15715 | Lair:4   | Killed Snorg
 15998 | Lair:4   | Reached skill level 15 in Air Magic
 16288 | Lair:5   | Reached skill level 7 in Fighting
 16482 | Lair:5   | Reached skill level 8 in Fire Magic
 16539 | Lair:5   | Reached skill level 7 in Evocations
 17169 | Lair:5   | Reached XP level 14. HP: 83/83 MP: 12/28
 17487 | Lair:5   | Offered knowledge of Fulminant Prism by Vehumet.
 17608 | Lair:5   | Reached skill level 8 in Fighting
 17608 | Lair:5   | Reached skill level 9 in Fire Magic
 17724 | Lair:5   | Reached skill level 12 in Dodging
 17724 | Lair:5   | Reached skill level 8 in Evocations
 17876 | Lair:5   | Reached skill level 16 in Air Magic
 18898 | D:11     | Found a staircase to the Orcish Mines.
 19137 | D:11     | Reached skill level 5 in Stealth
 19573 | D:12     | Reached skill level 9 in Fighting
 19631 | D:12     | You are sucked into a shaft and drop 3 floors!
 19631 | D:15     | Entered Level 15 of the Dungeon
 19664 | D:15     | Found a frozen archway.
 19666 | IceCv    | Entered an ice cave
 19874 | IceCv    | Reached skill level 6 in Stealth
 20082 | IceCv    | Reached skill level 13 in Dodging
 20107 | IceCv    | Noticed a white very ugly thing
 20112 | IceCv    | Killed a white very ugly thing
 20375 | IceCv    | HP: 8/86 [golden dragon simulacrum[an orange crystal
                  | statue] (5)]
 20375 | IceCv    | Slain by a golden dragon simulacrum

Vanquished Creatures
  A very ugly thing (IceCv)
  Snorg (Lair:4)
  4 hydras
  3 catoblepae (Lair:5)
  A centaur warrior (D:15)
  3 two-headed ogres
  7 death yaks (Lair:5)
  Amaemon (Lair:3)
  2 skysharks
  Pikel (D:8)
  2 ugly things (D:15)
  3 manticores
  A wolf spider (Lair:2)
  4 black mambas
  A merfolk siren (Lair:2)
  9 elephants
  A torpor snail (Lair:4)
  An orange demon (Lair:3)
  12 cane toads
  An anaconda simulacrum (IceCv)
  3 freezing wraiths (IceCv)
  9 komodo dragons
  3 trolls
  4 polar bears
  A hornet (D:8)
  12 blink frogs
  6 dream sheep
  3 wraiths
  A dire elephant simulacrum (IceCv)
  59 yaks
  5 wyverns
  4 basilisks
  3 steam dragons
  Menkaure (D:7)
  3 vampire mosquitoes (D:11)
  6 nagas (Lair:3)
  4 harpy simulacra (IceCv)
  14 water moccasins
  3 sky beasts (D:9)
  5 black bears
  2 ettin simulacra (IceCv)
  7 orc warriors
  5 alligator simulacra (IceCv)
  An ogre (D:5)
  23 wolves
  5 centaurs
  4 lemures (D:8)
  12 bullfrogs
  A gnoll sergeant (D:10)
  4 scorpions
  6 wights (D:8)
  25 killer bees
  6 electric eels
  8 howler monkeys
  3 lava snakes (Lair:3)
  3 hounds
  6 jellies
  2 gnoll boudas (D:6)
  10 orc priests
  A sleepcap (D:8)
  3 iguanas (D:5)
  17 orc wizards
  10 gnolls
  6 adders
  A shadow imp (D:8)
  4 white imps
  4 worms
  2 dart slugs
  36 orcs
  4 ball pythons
  3 endoplasms
  4 goblins
  4 hobgoblins
  5 kobolds
  7 quokkas
  5 bats
  2 frilled lizards
  5 rats
464 creatures vanquished.

Table legend: (Time is in decaauts)
 A = Elapsed time spent in this place.
 B = Non-inter-level travel time spent in this place.
 C = Inter-level travel time spent in this place.
 D = Time resting spent in this place.
 E = Time spent auto-exploring this place.
 F = Levels seen in this place.
 G = Mean time per level.
                   A        B        C        D        E       F      G
               +--------+--------+--------+--------+--------+-----+--------+
         Total |  19448 |  18361 |   1087 |   2657 |  12060 |  20 |  972.4 |
       Dungeon |  11638 |  11229 |    409 |   1126 |   8067 |  13 |  895.2 |
        Temple |     24 |     13 |     11 |      0 |      0 |   1 |   24.0 |
          Lair |   7085 |   6419 |    666 |   1043 |   3966 |   5 | 1417.0 |
      Ice Cave |    700 |    700 |      0 |    486 |     26 |   1 |  700.0 |
               +--------+--------+--------+--------+--------+-----+--------+

Top non-repeatable levels by time:
  Lair:5: 1851 daAuts
  Lair:2: 1490 daAuts
  Lair:3: 1450 daAuts
     D:7: 1445 daAuts
     D:6: 1389 daAuts
     D:3: 1378 daAuts
     D:8: 1343 daAuts
     D:2: 1194 daAuts
  Lair:1: 1155 daAuts
  Lair:4: 1138 daAuts
     D:4: 1040 daAuts
     D:9: 1020 daAuts
    D:10: 861 daAuts
    D:11: 815 daAuts
     D:5: 790 daAuts

Table legend:
 A = Non-vault XP
 B = Vault XP
 C = Vault XP percentage of total XP
 D = Non-vault monster count
 E = Vault monster count
 F = Vault count percentage of total count
                 A         B        C        D         E       F
            +---------+---------+-------+---------+---------+-------
      Total |   51013 |   28173 |  35.6 |     342 |     118 |  25.7
            +---------+---------+-------+---------+---------+-------
        D:1 |       8 |       0 |   0.0 |       5 |       0 |   0.0
        D:2 |      56 |       0 |   0.0 |      19 |       0 |   0.0
        D:3 |      88 |       0 |   0.0 |      23 |       0 |   0.0
        D:4 |     324 |       0 |   0.0 |      18 |       0 |   0.0
        D:5 |     270 |     210 |  43.8 |       9 |       4 |  30.8
        D:6 |    1624 |       0 |   0.0 |      22 |       0 |   0.0
        D:7 |     837 |     172 |  17.0 |      21 |       1 |   4.5
        D:8 |    1796 |    1913 |  51.6 |      33 |       9 |  21.4
        D:9 |    1193 |     933 |  43.9 |      18 |       6 |  25.0
       D:10 |    1399 |       0 |   0.0 |      15 |       0 |   0.0
       D:11 |    4430 |     640 |  12.6 |      25 |      15 |  37.5
       D:12 |    2688 |       0 |   0.0 |       5 |       0 |   0.0
       D:15 |    1938 |       0 |   0.0 |       3 |       0 |   0.0
     Lair:1 |    4839 |    1641 |  25.3 |      24 |       7 |  22.6
     Lair:2 |    3434 |    1965 |  36.4 |      19 |      10 |  34.5
     Lair:3 |    6964 |    3793 |  35.3 |      24 |      21 |  46.7
     Lair:4 |    5381 |     984 |  15.5 |      17 |       1 |   5.6
     Lair:5 |   13744 |   11662 |  45.9 |      42 |      27 |  39.1
      IceCv |       0 |    4260 | 100.0 |       0 |      17 | 100.0
            +---------+---------+-------+---------+---------+-------

Levels and vault maps discovered:
D:1:      onia_arrival_pyramid, layout_rooms, wad_floor_pattern_2,
          hangedman_decor_push
D:2:      layout_rooms
D:3:      layout_basic, mainiacjoe_overflow_catwalk,
          nicolae_concentric_dashed_squares_mild, nicolae_titane
D:4:      layout_rooms, minmay_temple_entry_from_below_a, serial_shops, shop,
          minivault_23, chequers_serial_rivers_micro_a
D:5:      layout_cave_pools, serial_glass, glass_columns_a, glass_columns_a,
          serial_bayou_pond_b
D:6:      layout_basic
D:7:      layout_basic, uniq_menkaure
D:8:      kennysheep_blocky_room, layout_loops_corners, uniq_pikel
D:9:      layout_irregular_city, grunt_decor_arrowhead, hangedman_misty_isle
D:10:     layout_gridville, lair_entry_dummy, lightli_corner_chamber
D:11:     layout_roguey, david_orc_4, lemuel_flamethrower_1
D:12:     layout_basic, minmay_microvault
D:15:     grunt_enter_depths_snipers, layout_cave_pools,
          portal_ice_cave_entry_ice_simulacra
Temple:   nicolae_temple_bog_church
Lair:1:   layout_regular_city, grunt_megastairs_1
Lair:2:   layout_regular_city, elwin_shoals_entry_rooms,
          nicolae_lair_run_with_the_wolves
Lair:3:   beast_lair_carwin_large_2, layout_concentric_octagons,
          minmay_snake_entry_guardpost_medium, nicolae_lair_liquid_snakes,
          uniq_amaemon
Lair:4:   layout_gridlike, uniq_snorg
Lair:5:   evilmike_catoblepas_cave, layout_regular_city,
          minmay_slime_entry_pillars
IceCv:    ice_cave_statue_garden_chambered
